[Event "Olomouc Chess Summer Open 2022"]
[Site "Olomouc"]
[Date "2022.08.19"]
[Round "8.18"]
[White "Szkoludek, Sebastian"]
[Black "Al-Ali, Hussein Ali Hussein"]
[Result "0-1"]
[ECO "A05"]
[WhiteElo "1992"]
[BlackElo "2262"]
[Annotator "NA RC"]
[PlyCount "78"]
[EventDate "2022.08.14"]
[EventCountry "CZE"]
[SourceTitle "playchess.com"]
[Source "ChessBase"]
[SourceQuality "1"]
[TimeControl "40/5400+30:1800+30"]

1. Nf3 Nf6 2. g3 g6 3. b3 Bg7 4. Bb2 O-O 5. Bg2 d6 6. O-O e5 7. c4 Re8 8. Nc3 Nc6 9. d4 e4 10. Ne1 Bf5 11. Nc2 Qd7 12. Re1 Ng4 13. Nd5 h5 14. Bc1 Ne7 15. Nde3 c6 16. Qd2 Nf6 17. Bb2 d5 18. Rad1 Be6 19. Rc1 a5 20. cxd5 cxd5 21. Na3 Nc6 22. Nac2 Reb8 23. Ba3 h4 24. Nd1 Nh5 25. Nc3 b5 26. Bc5 a4 27. b4 hxg3 28. fxg3 Nd8 29. e3 Nf6 30. Na3 Rb7 31. Ne2 Bf5 32. Nf4 Ne6 33. Nxe6 Bxe6 34. Nb1 Bh6 35. Nc3 Kg7 36. Ne2 Rh8 37. Rf1 Ng4 38. Rc3 Nxh2 39. Nf4 Nxf1 0-1

[Event "Olomouc Chess Summer Open 2022"]
[Site "Olomouc"]
[Date "2022.08.19"]
[Round "8.19"]
[White "Houska, Jiri"]
[Black "Schletter, Felix"]
[Result "1-0"]
[ECO "E10"]
[WhiteElo "2220"]
[BlackElo "1975"]
[Annotator "NA RC"]
[PlyCount "95"]
[EventDate "2022.08.14"]
[EventCountry "CZE"]
[SourceTitle "playchess.com"]
[Source "ChessBase"]
[SourceQuality "1"]
[TimeControl "40/5400+30:1800+30"]

1. d4 Nf6 2. Nf3 e6 3. c4 c5 4. d5 b5 5. dxe6 fxe6 6. cxb5 d5 7. g3 Bd6 8. Bg2 O-O 9. O-O a6 10. bxa6 Bxa6 11. b3 Nc6 12. Bb2 Rb8 13. Nbd2 Ng4 14. Re1 Qe7 15. h3 Nge5 16. Nxe5 Nxe5 17. Nf3 Nxf3+ 18. exf3 Rfe8 19. Be5 Bxe5 20. Rxe5 Qd6 21. f4 c4 22. Qd4 Rb4 23. Bxd5 cxb3 24. Rxe6 Rxe6 25. Bxe6+ Qxe6 26. Qxb4 bxa2 27. Qb8+ Kf7 28. Qc7+ Kg8 29. Qb8+ Kf7 30. Qa7+ Kf8 31. Qe3 Bc4 32. Qxe6 Bxe6 33. f5 Bc4 34. f4 Ke7 35. Kf2 Kd6 36. Ke3 Kc5 37. g4 Kb4 38. Kd4 Bb3 39. g5 Ka3 40. Ke5 Kb2 41. Rxa2+ Bxa2 42. f6 g6 43. Kd6 Kc3 44. Ke7 Kd4 45. f7 Bxf7 46. Kxf7 Ke4 47. Kg7 Kxf4 48. h4 1-0

[Event "Olomouc Chess Summer Open 2022"]
[Site "Olomouc"]
[Date "2022.08.19"]
[Round "8.20"]
[White "Cagasik, Tomas"]
[Black "Soban, Jaroslav"]
[Result "0-1"]
[ECO "A88"]
[WhiteElo "2143"]
[BlackElo "2101"]
[Annotator "NA RC"]
[PlyCount "60"]
[EventDate "2022.08.14"]
[EventCountry "CZE"]
[SourceTitle "playchess.com"]
[Source "ChessBase"]
[SourceQuality "1"]
[TimeControl "40/5400+30:1800+30"]

1. Nf3 f5 2. d4 Nf6 3. c4 g6 4. Nc3 Bg7 5. g3 O-O 6. Bg2 d6 7. O-O c6 8. Re1 Na6 9. a3 Qc7 10. Qc2 e5 11. dxe5 dxe5 12. e4 Nc5 13. Nd2 f4 14. f3 Qd8 15. Rf1 fxg3 16. hxg3 Nh5 17. Ne2 Nd3 18. c5 Bh6 19. Nc4 Nxc1 20. Nxc1 Nxg3 21. Rd1 Qh4 22. Qf2 Be6 23. Ne3 Qg5 24. Nf1 Nxe4 25. Qc2 Ng3 26. Qd2 Qxd2 27. Nxd2 Rad8 28. Ncb3 Be3+ 29. Kh2 Bf4 30. Kg1 Rd3 0-1

[Event "Olomouc Chess Summer Open 2022"]
[Site "Olomouc"]
[Date "2022.08.20"]
[Round "9.16"]
[White "Al-Ali, Hussein Ali Hussein"]
[Black "Muzika, Paul"]
[Result "1/2-1/2"]
[ECO "C47"]
[WhiteElo "2262"]
[BlackElo "2072"]
[Annotator "TA"]
[PlyCount "230"]
[EventDate "2022.08.14"]
[EventCountry "CZE"]
[SourceTitle "playchess.com"]
[Source "ChessBase"]
[SourceQuality "1"]
[TimeControl "40/5400+30:1800+30"]

1. e4 e5 2. Nf3 Nc6 3. Nc3 Nf6 4. g3 Bc5 5. Bg2 d6 6. d3 a6 7. Be3 Bxe3 8. fxe3 Be6 {[%emt 0:01:09] C26: Vienna Game: 2...Nf6, sidelines .} 9. Qd2 h6 10. O-O O-O 11. Nh4 {[%emt 0:00:24] [#]} g6 $146 (11... Ne7 $11) ({Predecessor:} 11... Ne7 12. d4 Qd7 13. Rad1 Rad8 14. Qf2 Bc4 15. Rfe1 Ng4 16. Qf3 Be6 17. d5 Nxh2 18. Kxh2 {1-0 (40) Charpentier,D-Lalanne,C France 1996}) 12. b3 b5 13. a3 (13. Nd5 $14 Nd7 14. a4) 13... Kg7 14. d4 {[%emt 0:00:52] And now d5 would win.} Bg4 15. a4 bxa4 16. Rxa4 (16. Nd5 $5 Nd7 17. Rxa4 $14) 16... Ne7 (16... Bd7 $14) 17. Qf2 Nh7 18. Rfa1 (18. Nf3 $16) 18... Bc8 (18... Ng5 $11 {keeps the balance.}) 19. dxe5 $16 dxe5 20. Rd1 $36 {[%emt 0:00:31][%mdl 2048] White is really pushing.} Bd7 21. Nf3 {[%emt 0:01:17] 0x0.001ebad69242dp-1022s more active pieces.} f6 22. Bh3 Bxh3 23. Rxd8 Rfxd8 (23... Raxd8 $16 24. Rxa6 Rd7) 24. Ra1 Rd6 25. Rd1 Rad8 26. Rxd6 Rxd6 27. Kh1 (27. Qe1 $16) 27... Ng5 $14 28. Ng1 Bd7 29. Nf3 Nxf3 (29... Bh3 $1 $11) 30. Qxf3 $16 Bc6 {[%emt 0:00:12] Inhibits Nd5.} 31. Qe2 {[%emt 0:00:17] Inhibits Rd2.} h5 32. Kg1 Bd7 33. Kg2 Bg4 34. Qe1 Rc6 35. h3 Be6 36. Qd2 $1 Rd6 {[%emt 0:00:05] Inhibits Nd5.} 37. Qe2 Nc6 (37... g5 $142 38. Na4 Kg6) 38. Nd5 $1 $18 ({Much less strong is} 38. Qxa6 $6 Nd8 39. Qe2 Nf7) 38... Bxd5 39. exd5 Rxd5 {[%emt 0:00:07][%mdl 4096] Endgame KQ-KRN} 40. Qc4 {[%emt 0:00:28] Inhibits Rc5.} Rd6 41. b4 {[%emt 0:30:35][%mdl 1024] White has strong compensation.} f5 42. Kf1 Kf6 43. Ke2 ({White should try} 43. g4) 43... Ne7 44. c3 ({Much worse is} 44. Qxc7 Rc6 45. Qd7 Rxc2+ 46. Kd3 Rc6 $11) 44... Rc6 {[%emt 0:00:00] [#]} 45. Qb3 Kg7 46. c4 Kf8 47. c5 Ke8 (47... e4 $16 48. Qc4 Ke8) 48. Qa2 (48. e4 $18) 48... Rf6 49. Qa1 Re6 50. Qa2 Rf6 51. Qb2 (51. Kf3 $18) 51... Re6 $16 52. Kd3 Kd7 53. Qa2 Rf6 54. Qa1 Re6 55. Kc4 {[%emt 0:00:27] Against Nd5} Kc8 56. Qa4 {[%emt 0:00:46] Hoping for Qe8+.} Kd8 {[%emt 0:00:00] Against Qe8+} 57. Qd1+ Ke8 58. Qh1 (58. Kd3 $142) 58... Rc6 ({Better is} 58... c6) 59. g4 hxg4 60. hxg4 e4 61. g5 Kd7 62. Kd4 Kd8 63. Qh7 Kd7 64. Qf7 Kd8 65. Ke5 Kd7 66. Qa2 Kd8 67. Qd2+ Ke8 68. Qd4 Nc8 69. Kd5 Ne7+ {[%emt 0:00:07] [#]} 70. Kc4 $1 Re6 71. Qh8+ Kd7 72. Qh2 (72. Qf8 $16) 72... Rc6 (72... c6 $1 $11 {remains equal.}) 73. Qd2+ Ke8 74. Qh2 Kd7 $1 75. b5 (75. Qe2 $16) 75... axb5+ $11 {[%emt 0:00:05] The position is equal.} 76. Kxb5 Re6 77. Qh4 Rc6 78. Qh8 Re6 79. Qf8 Rc6 80. Qf7 Kd8 81. Kc4 Kd7 82. Kd4 Kd8 83. Qc4 Kd7 84. Ke5 Kd8 85. Qb5 Kd7 86. Qa4 Kd8 87. Qd4+ Ke8 88. Kf4 Re6 89. Kg3 Rc6 90. Kf2 Re6 91. Qa4+ Rc6 92. Ke2 Kd7 93. Kd2 Kd8 94. Qd4+ Ke8 95. Ke1 Re6 96. Ke2 Rc6 97. Qc4 Kd7 98. Kf2 Kd8 99. Kg3 Kd7 100. Kf4 Ke8 101. Qd4 Re6 102. Qa4+ Rc6 103. Ke5 Kd8 104. Qb5 Kd7 105. Qc4 Kd8 106. Qc1 Kd7 107. Qd1+ Ke8 108. Qd4 Ra6 109. Qb2 Rc6 110. Qb4 Kd7 111. Qb5 Kd8 112. Qb4 Kd7 113. Qd2+ Ke8 114. Qd4 Ra6 {[%emt 0:00:34] ( -> ...Nc6+)} 115. Kf4 Rc6 {[%emt 0:00:11] Black defended with fortune.  Weighted Error Value: White=0.19 (very precise) /Black=0.24 (precise)} 1/2-1/2

[Event "Olomouc Chess Summer Open 2022"]
[Site "Olomouc"]
[Date "2022.08.20"]
[Round "9.17"]
[White "Jordanov, Mihail"]
[Black "Marek, Matyas"]
[Result "1-0"]
[ECO "B42"]
[WhiteElo "2158"]
[BlackElo "2354"]
[Annotator "TA"]
[PlyCount "91"]
[EventDate "2022.08.14"]
[EventCountry "CZE"]
[SourceTitle "playchess.com"]
[Source "ChessBase"]
[SourceQuality "1"]
[TimeControl "40/5400+30:1800+30"]

1. e4 c5 2. Nf3 e6 3. d4 cxd4 4. Nxd4 a6 5. Bd3 Bc5 6. Nb3 Ba7 7. Qg4 Nf6 8. Qg3 {[%emt 0:00:58] e5 is the strong threat.} d6 {[%emt 0:00:07] B42: Sicilian: Kan Variation: 5 Bd3.} 9. Nc3 (9. Qxg7 Rg8 10. Qh6 Bxf2+ $1 11. Kd1 Rxg2 $17) 9... Nc6 10. Bg5 (10. Qxg7 Rg8 11. Qh6 Bxf2+ $1 12. Kd1 Rxg2 $17) (10. O-O {with more complications.} O-O 11. Be2 e5 12. Bh6) 10... h6 {[%emt 0:00:32] The position is equal.} 11. Bd2 b5 (11... Nh5 $5 12. Qh3 Nf6 $11) 12. f4 {[%emt 0:06:44] Strongly threatening e5.} (12. Qxg7 Bxf2+ $1 13. Kxf2 Rg8 14. Qxg8+ Nxg8 $17) 12... b4 13. Ne2 {[%emt 0:05:08] [#] Threatens to win with e5.} (13. Qxg7 Rg8 14. Qxh6 bxc3 15. Bxc3 Bf2+ $1 16. Kf1 e5 $1 17. fxe5 dxe5 $1 $19) 13... O-O $146 ({Predecessor:} 13... e5 14. O-O-O O-O 15. f5 Kh7 16. Qh3 a5 17. g4 a4 18. Na1 Nd4 19. Bxb4 Bb7 {0-1 (39) Andreeva,E (1992)-Nasybullina,A (2103) Satka 2013}) 14. O-O-O (14. e5 $15 Nd5 15. O-O-O) 14... Kh8 (14... a5 $1 $17) 15. Kb1 a5 16. Qh3 a4 17. Nbc1 a3 {[%emt 0:01:35] aiming for ...axb2.} 18. b3 (18. e5 $1 $11 Nd5 19. bxa3) 18... Rb8 ({Black should try} 18... Qc7 $1 $17 19. g4 d5) 19. g4 $1 $11 Nh7 (19... d5 $5 ) 20. Qg3 Qf6 21. e5 $36 {[%emt 0:08:12][%mdl 2048] White is more active.} dxe5 22. g5 Qe7 (22... exf4 $11 23. gxf6 fxg3 24. fxg7+ Kxg7) 23. gxh6 g6 (23... f5 $14) 24. fxe5 $16 Qc5 25. Bf4 Ne7 26. Be4 Bb7 27. Nd3 {[%emt 0:01:21] Dancing on a razor blade.} Qb6 28. Bxb7 {[%emt 0:00:24] White is more active.} Qxb7 29. Rhf1 Nf5 30. Qf3 Qc7 31. Qe4 Rfc8 {[%emt 0:06:49] [#]} 32. Rc1 Rd8 (32... Bc5 $16 {was necessary.}) 33. Bd2 (33. Nxb4 $18 {is more deadly. Black must now prevent Nc6.} g5 34. Bg3 (34. Na6 Qb7 $16)) 33... Nd4 {[%emt 0:04:17] A mistake that costs the game.} (33... Bc5 $16) 34. Nxb4 ({Wrong is} 34. Bxb4 $2 {[#]} Rxb4 $1 35. Ng3 (35. Nxb4 $2 Nxe2 36. c4 Nxc1 $19) 35... Rb7 $19) 34... Ng5 $2 (34... Nf5 35. Nd3 Bc5) 35. Qf4 {[%emt 0:02:23] Threatening mate with Qf6+.} ({Less strong is} 35. Bxg5 Nxe2 36. Qf3 (36. Qxe2 {gets mated.} Qc3 37. Bf6+ Kh7 38. Nd3 Bd4 39. Bxd8 Qa1#) 36... Nc3+ 37. Ka1 f5 $18) 35... Kh7 $2 (35... Nh7 36. Ng3 Rb7) 36. Qf6 $18 {[%emt 0:01:03][%csl Gh6][%cal Rf6g7] White is clearly winning.} Rg8 {[%emt 0:00:26] Prevents Qg7+.} 37. Nxd4 Bxd4 38. Bxg5 Rb7 39. Bd2 Bxe5 40. Qf3 Rd8 41. Nd3 Bh8 42. h4 Qd7 43. Qe3 Rb5 44. Rf4 e5 45. Ra4 Qe6 46. Bc3 {[%emt 0:01:16] Weighted Error Value: White=0.28 (precise) /Black=0.37} 1-0

[Event "Olomouc Chess Summer Open 2022"]
[Site "Olomouc"]
[Date "2022.08.20"]
[Round "9.18"]
[White "Zvolanek, Libor"]
[Black "Houska, Jiri"]
[Result "1/2-1/2"]
[ECO "A05"]
[WhiteElo "2130"]
[BlackElo "2220"]
[Annotator "TA"]
[PlyCount "32"]
[EventDate "2022.08.14"]
[EventCountry "CZE"]
[SourceTitle "playchess.com"]
[Source "ChessBase"]
[SourceQuality "1"]
[TimeControl "40/5400+30:1800+30"]

1. Nf3 Nf6 2. g3 g6 3. Bg2 Bg7 4. O-O O-O 5. d3 d5 6. Nbd2 c5 {[%emt 0:03:21] 6...Nc6 is the hot move.} 7. e4 Nc6 {[%emt 0:01:44] [#]} {Predecessor:} 8. exd5 $146 {A08: King's Indian Attack.} Nxd5 9. Re1 b6 10. Nc4 Bb7 11. c3 h6 12. Nfe5 Nxe5 13. Nxe5 Qc7 14. Qe2 Rad8 15. a4 e6 16. a5 b5 {1-0 (36) Mamedyarov,S (2765)-Ding,L (2799) Chess.com INT 2021} 1/2-1/2

[Event "Olomouc Chess Summer Open 2022"]
[Site "Olomouc"]
[Date "2022.08.20"]
[Round "9.19"]
[White "Soban, Jaroslav"]
[Black "Mohapl, Tomas"]
[Result "1/2-1/2"]
[ECO "B10"]
[WhiteElo "2101"]
[BlackElo "1877"]
[Annotator "TA"]
[PlyCount "51"]
[EventDate "2022.08.14"]
[EventCountry "CZE"]
[SourceTitle "playchess.com"]
[Source "ChessBase"]
[SourceQuality "1"]
[TimeControl "40/5400+30:1800+30"]

1. c4 c6 2. e4 d5 3. exd5 cxd5 4. cxd5 Nf6 5. Qa4+ Nbd7 6. Nc3 g6 7. Bc4 Bg7 8. Nf3 O-O 9. d3 Nb6 10. Qb3 Bg4 {[%emt 0:02:45] B10: Caro-Kann: 2 d3 and 2 c4.} 11. Ng5 Rc8 12. Be3 Nxc4 13. dxc4 Qc7 {[%emt 0:06:40] [#]} 14. h3 $146 ({Predecessor:} 14. c5 h6 15. Nge4 Nxe4 16. Nxe4 Qe5 17. Nc3 Rxc5 18. O-O Rc7 19. Bxa7 Qh5 20. Ne4 {1-0 (60) Garkauskas,O (2139)-De Carvalho,I (1910) Pocos de Caldas 2014}) 14... Bf5 15. c5 h6 16. Nf3 {[%emt 0:00:19] Pair of Knights!} Be4 (16... Nd7 $11) 17. Nxe4 (17. O-O $16) 17... Nxe4 $11 18. O-O Nxc5 19. Qa3 {[%emt 0:02:31] [#] Hoping for Rac1.} b6 20. Rac1 {[%emt 0:00:10] Threatens to win with b4.} Qd6 21. b4 Ne4 22. Qxa7 (22. Rxc8 $11 Rxc8 23. Qxa7) 22... Qxb4 (22... Nc3 $15 23. Rfe1 Nxd5) 23. Qxb6 ({White should play} 23. Rxc8 $11 Rxc8 24. Re1) 23... Qxb6 $15 24. Bxb6 Ra8 (24... Nc3 $15 25. Kh2 Nxd5) 25. Rfe1 Nc3 26. Rxe7 {[%emt 0:04:32] Weighted Error Value: White=0.24 (precise) /Black=0.24 (precise)} 1/2-1/2

[Event "Olomouc Chess Summer Open 2022"]
[Site "Olomouc"]
[Date "2022.08.20"]
[Round "9.20"]
[White "Svancara, Petr"]
[Black "Fizer, Marek"]
[Result "1-0"]
[ECO "D02"]
[WhiteElo "2145"]
[BlackElo "1998"]
[Annotator "TA"]
[PlyCount "59"]
[EventDate "2022.08.14"]
[EventCountry "CZE"]
[SourceTitle "playchess.com"]
[Source "ChessBase"]
[SourceQuality "1"]
[TimeControl "40/5400+30:1800+30"]

1. d4 d5 2. Nf3 Nf6 3. Bf4 e6 4. e3 Bd6 5. Bg3 O-O 6. Bd3 Nbd7 {[%emt 0:01:31] D02: 1 d4 d5 2 Nf3 sidelines, including 2...Nf6 3 g3 and 2...Nf6 3 Bf4.} 7. Nbd2 Qe7 8. Ne5 b6 {[%emt 0:05:03] The position is equal.} 9. O-O Bb7 10. c3 a6 {[%emt 0:06:31] [#]} 11. Qe2 $146 ({Predecessor:} 11. f4 Ne4 12. Qc2 f5 13. Ndf3 c5 14. Bh4 Ndf6 15. h3 Rac8 16. Qe2 b5 17. g4 {1-0 (35) Dlugy,M (2518)-Volkov,S (2270) Chess.com INT 2015}) 11... Ne4 12. Nxd7 Qxd7 13. Bxd6 Qxd6 14. Rad1 Nxd2 15. Rxd2 c5 16. f4 c4 17. Bc2 f5 18. Kh1 b5 19. Qe1 a5 20. Rg1 g6 ({Black should try} 20... Rf7 $15) 21. g4 $11 Qe7 22. Rdg2 Ra6 23. h4 Bc6 24. h5 Be8 25. Qg3 Kg7 26. Qh3 {[%emt 0:02:51] And now hxg6 would win.} Qf6 27. Rh2 ({White should play} 27. gxf5 $16 exf5 28. hxg6 hxg6 29. Rh2) 27... b4 $2 {[%emt 0:01:31][%mdl 8192] [#]} (27... Kh8 $14) 28. hxg6 $18 Bxg6 29. gxf5 exf5 30. Qxh7# {[%emt 0:00:11] Weighted Error Value: White=0.11 (very precise) /Black=0.38} 1-0